Workbook

Sheet Instructions
B2: Instructions | C2: TRANSNET NATIONAL PORTS AUTHORITY (TNPA) PRICING WORKBOOK
C3: Service Provider Name
C4: Date
C5: The Exchange Rate to be used when completing this Pricing Workbook: | D5: R16,14
C6: All the Rand Values must be filled in as per the pricing workbook to 2 decimal places.
C7: All pricing must be inclusive of Value Added Tax (VAT).
C8: Validity of Pricing must be for One Hundred and Eighty (180) days
B9: 1. | C9: This MS Excel Workbook contains a separate spreadsheets designed to provide a robust understanding of the costing model. It is ESSENTIAL that this model be used in the pricing response.
B10: 2. | C10: The descriptions and Instructions/context for each spreadsheet, as well as convenient one-click navigation of the workbook are detailed below under the heading of "Pricing Workbook Tab Instructions" .
B11: 3. | C11: The worksheet is designed to elicit specific pricing information related to establishing, managing, developing, and deploying the work required by the TNPA Data Center Environment Infrastructure Refresh. If your typical pricing model does not normally charge for a specific element provided within this workbook, then please provide a statement in your "Assumptions" regarding your methodology for charging for that element (i.e., not applicable, charged on a time and material (T&M) basis, etc.).
B12: 4. | C12: The worksheet in this Pricing Template is protected to minimize the risk of compromising the integrity of the workbook structure and formulas. As such, the editable cells within each worksheet are indicated in light blue highlight as shown =================================> | D12: This cell is Editable
B13: 5. | C13: Service provider must note that only unconditional discounts will be taken into account for purposes of pricing evaluation.
B16: Pricing Goals
B18: Transnet has developed the following Service pricing goals for RFP respondents to utilise in developing the Service Pricing proposal. RFP respondent pricing should reflect: - Predetermined and Fixed Pricing for services over agreement term - Scalable to account for additions or reductions in business requirements - Ability to plug and unplug services to adapt new service delivery methods - All respondents assumptions in developing pricing are visible - Pricing Models ability to reflect ongoing continuous improvement gains - Pricing is structured so to encourage standardised use and behaviors - Transparent to underlying cost drivers - Enable external benchmarking of competitive services

Sheet Summary
B3: SUMMARY FOR TNPA INFRASTRUCTURE REFRESH AND SERVICES
B4: =[1]INSTRUCTION!C3 -> Transnet Ltd SOC
B5: =[1]INSTRUCTION!C4 -> Name of Service Provider
B6: =[1]INSTRUCTION!C5 -> Date
B7: SUMMARY OF TOTALS
B8: TNPA Site | C8: Total Once-Off Cost (Incl. VAT) | D8: Total Cost - Year 1 (Incl. VAT) | E8: Total Cost - Year 2 (Incl. VAT) | F8: Total Cost - Year 3 (Incl. VAT) | G8: Total Cost - Year 4 (Incl. VAT) | H8: Total Cost - Year 5 (Incl. VAT) | I8: Total (Incl. VAT)
B9: TNPA Infrastructure Refresh | C9: ='Infrastructure Refresh '!G14 -> 0 | I9: =C9 -> 0
B10: Services | C10: =Services!F21 -> 0 | D10: =Services!F26 -> 0 | E10: =Services!H26 -> 0 | F10: =Services!J26 -> 0 | G10: =Services!L26 -> 0 | H10: =Services!N26 -> 0 | I10: =SUM(C10:H10) -> 0
B11: Total (Including VAT) | C11: =C9+C10 -> 0 | D11: =D10 -> 0 | E11: =E10 -> 0 | F11: =F10 -> 0 | G11: =G10 -> 0 | H11: =H10 -> 0 | I11: =I9+I10 -> 0

Sheet Infrastructure Refresh 
B3: TNPA INFRASTRUCTURE REFRESH PRICING WORKBOOK
B4: Name of Service Provider
B5: Date
B6: Category | C6: Hybrid Cloud Requirement | D6: Unit of Measure | E6: Quantity | F6: Unit Price (Incl. VAT) | G6: Total Once-Off Cost (Incl. VAT)
B7: Private Cloud Primary and Disaster Recovery Site | C7: Supply, Installation, and configuration of 6 compute nodes each with 2.2GHz / 24-Core processors | D7: Each | E7: 6 | G7: =E7*F7 -> 0
C8: Supply equipment 30,818.94 GB (approx. 30 TB) of memory | D8: TB Usable | E8: 30818 | G8: =E8*F8 -> 0
C9: Provision of 800.49 TB of storage capacity to support DR replication, backups, and VM image retention. | D9: Each | E9: 800 | G9: =E9*F9 -> 0
C10: Deployment and configuration of 6 Fusion Sphere OpenStack licenses for hypervisor, Commvault and virtualization management. | D10: Each | E10: 6 | G10: =E10*F10 -> 0
B11: SAP S4 HANA On-premise | C11: Supply Equipment capacity consisting of 4 x 2.2GHz / 24-Core processors. | D11: Each | E11: 4 | G11: =E11*F11 -> 0
C12: Supply 10 TB of system memory to support SAP HANA in-memory database | D12: TB Usable | E12: 10 | G12: =E12*F12 -> 0
C13: Configuration of 20TB of high-performance storage for SAP S4 HANA data and system files | D13: TB Usable | E13: 20 | G13: =E13*F13 -> 0
B14: Total (Including VAT) | G14: =SUM(G7:G13) -> 0

Sheet Services
B3: TNPA INFRASTRUCTURE REFRESH SERVICES SITES PRICING WORKBOOK
B4: =[1]SUMMARY!C3 -> Name of Service Provider
B5: =[1]SUMMARY!C4 -> Date
B6: TNPA DURBAN SITE
B7: Data Centre 1: Durban (Primary Site)
B8: Description | C8: Unit of Measure | D8: Quantity | E8: Unit Price (Incl. VAT) | F8: Total Once-Off Cost (Incl. VAT)
B9: Project management | C9: Each | D9: 1 | F9: =D9*E9 -> 0
B10: Design, Implementation and Commissioning | C10: Each | D10: 1 | F10: =D10*E10 -> 0
B11: Transportation | C11: Each | D11: 1 | F11: =D11*E11 -> 0
B12: Training, Skills transfer and Handover | C12: Each | D12: 1 | F12: =D12*E12 -> 0
B13: Total (Including VAT) | F13: =SUM(F9:F12) -> 0
B14: Data Centre 2: Durban (DR Site)
B15: Description | C15: Unit of Measure | D15: Quantity | E15: Unit Price (Incl. VAT) | F15: Total Once-Off Cost (Incl. VAT)
B16: Project management | C16: Each | D16: 1 | F16: =D16*E16 -> 0
B17: Design, Implementation and Commissioning | C17: Each | D17: 1 | F17: =D17*E17 -> 0
B18: Transportation | C18: Each | D18: 1 | F18: =D18*E18 -> 0
B19: Training, Skills transfer and Handover | C19: Each | D19: 1 | F19: =D19*E19 -> 0
B20: Total (Including VAT) | F20: =SUM(F16:F19) -> 0
B21: Grand Total ( Including VAT) | F21: =SUM(F13+F20) -> 0
B23: SUPPORT AND MAINTENANCE
B24: Description | C24: Unit of Measure | D24: Quantity | E24: Year 1 | G24: Year 2 | I24: Year 3 | K24: Year 4 | M24: Year 5
E25: Unit Price (Incl. VAT) | F25: Total Cost (Incl. VAT) | G25: Unit Price (Incl. VAT) | H25: Total Cost (Incl. VAT) | I25: Unit Price (Incl. VAT) | J25: Total Cost (Incl. VAT) | K25: Unit Price (Incl. VAT) | L25: Total Cost (Incl. VAT) | M25: Unit Price (Incl. VAT) | N25: Total Cost (Incl. VAT) | O25: Total (Incl. VAT)
B26: Support and Maintenance - All sites for Five (5) Years | C26: Year | D26: 1 | F26: =D26*E26 -> 0 | H26: =D26*G26 -> 0 | J26: =D26*I26 -> 0 | L26: =D26*K26 -> 0 | N26: =D26*M26 -> 0 | O26: =F26+H26+J26+L26+N26 -> 0
B27: Total (Including VAT) | F27: =F26 -> 0 | H27: =H26 -> 0 | J27: =J26 -> 0 | L27: =L26 -> 0 | N27: =N26 -> 0 | O27: =O26 -> 0
